 Dungeon Crawl Stone Soup version 0.23.2-40-g277498a001 (webtiles) character file.

Game seed: 16327506209224848247

238 Exodus22XD the Chopper (level 5, -6/47 HPs)
             Began as a Minotaur Fighter on Aug 31, 2019.
             Mangled by Crazy Yiuf
             ... wielding a +4 quarterstaff of chaos
              (16 damage)
             ... on level 3 of the Dungeon.
             The game lasted 00:04:51 (2332 turns).

Exodus22XD the Chopper (Minotaur Fighter)           Turns: 2332, Time: 00:04:51

Health: -6/47      AC:  8    Str: 22    XL:     5   Next: 78%
Magic:  0/4        EV:  8    Int:  5    God:
Gold:   114        SH:  9    Dex:  9    Spells: 4/4 levels left

rFire    . . .     SeeInvis .   a - +0 war axe
rCold    . . .     Gourm    .   c - +0 shield
rNeg     . . .     Faith    .   n - +0 scale mail {MR+}
rPois    .         Spirit   +   (helmet restricted)
rElec    .         Reflect  .   q - scarf {Spirit}
rCorr    +         Harm     +   (no gloves)
MR       +....                  (no boots)
Stlth    ..........             r - amulet of harm
HPRegen  0.15/turn              p - ring of resist corrosion
MPRegen  0.09/turn              v - +1 ring of protection

@: lightly drained
A: retaliatory headbutt, horns 2
a: no special abilities


You were on level 3 of the Dungeon.
You were hungry.

You visited 1 branch of the dungeon, and saw 3 of its levels.

You collected 114 gold pieces.

Inventory:

Hand Weapons
 a - a +0 war axe (weapon)
Armour
 b - a +0 cloak
 c - a +0 shield (worn)
 n - a +0 scale mail of magic resistance (worn)
 q - a scarf of spirit shield (worn)
Jewellery
 p - a ring of resist corrosion (left hand)
 r - an amulet of harm (around neck)
 v - a +1 ring of protection (right hand)
Wands
 w - a wand of disintegration (5)
Scrolls
 e - a scroll of amnesia {unknown}
 h - a scroll of identify {unknown}
 i - 2 scrolls of magic mapping {unknown}
 k - a scroll of blinking {unknown}
 l - 4 scrolls of teleportation {unknown}
 o - 3 scrolls of remove curse {unknown}
 u - a scroll of fog {unknown}
 x - a scroll of random uselessness {unknown}
Potions
 d - a potion of might
 g - a potion of brilliance {unknown}
 j - a potion of haste {unknown}
 m - a potion of heal wounds {unknown}
 s - a potion of curing
 t - a potion of lignification
Comestibles
 f - 9 rations


   Skills:
 + Level 4.3(4.0) Fighting
 + Level 5.4(5.0) Axes
 + Level 4.1(3.8) Armour
 + Level 1.2(0.9) Dodging
 + Level 5.0(4.7) Shields


You had 4 spell levels left.
You didn't know any spells.
Your spell library was empty.

Dungeon Overview and Level Annotations

Branches:
Dungeon (3/15)

Altars:
Okawaru
Sif Muna

Annotations:
D:3 Crazy Yiuf


Innate Abilities, Weirdness & Mutations

You reflexively headbutt those who attack you in melee.
You have a pair of horns on your head.


Message History

You barely miss Crazy Yiuf.
Crazy Yiuf is moderately wounded.
You block Crazy Yiuf's attack.
You closely miss Crazy Yiuf.
Crazy Yiuf is moderately wounded.
Crazy Yiuf hits you with a +4 quarterstaff of chaos!
* * * LOW HITPOINT WARNING * * *
You feel drained.
* * * LOW HITPOINT WARNING * * *
You block Crazy Yiuf's attack.
You hit Crazy Yiuf. Your headbutt misses Crazy Yiuf.
Crazy Yiuf is heavily wounded.
You block Crazy Yiuf's attack.
You hit Crazy Yiuf.
Crazy Yiuf is almost dead.
You block Crazy Yiuf's attack.
You closely miss Crazy Yiuf. Your headbutt misses Crazy Yiuf.
Crazy Yiuf is almost dead.
Crazy Yiuf hits you with a +4 quarterstaff of chaos!
You die...

#.# #...#
#....##.##..
##.## #####
#.....#.##.#
#...#
###.......).
#..## #####
#........#
#..# #)..#
#........#
#..# #...#
#........#
###..# ...
#.#.#.....
#....# #g#
#.#.##..##
#.#.## #@##
###.#.##..##
#.#.### ##.#
#.........#.
#.#...# #.##
#.....##....
#.##### ##.#
##....###.##
#.....#
##.##
#.....# ##.#
#######
##...#
#.##### ##.
#....# #.#
## #....#
#.# #
#....###.#


You could see Crazy Yiuf.

Vanquished Creatures
  Ijyb (D:3)
  Jessica (D:2)
  Terence (D:2)
  4 gnolls (D:2)
  5 adders
  An ooze (D:3)
  3 worms
  2 dart slugs
  A ball python (D:1)
  3 giant cockroaches
  6 goblins
  4 hobgoblins
  3 jackals (D:1)
  8 kobolds
  3 quokkas (D:2)
  8 bats
  2 frilled lizards (D:2)
  12 rats
68 creatures vanquished.

Notes
Turn   | Place    | Note
-------+----------+-------------------------------------------
     0 | D:1      | Exodus22XD the Minotaur Fighter began the quest for the
                  | Orb.
     0 | D:1      | Reached XP level 1. HP: 19/19 MP: 0/0
   192 | D:1      | Reached XP level 2. HP: 27/27 MP: 1/1
   700 | D:2      | Reached XP level 3. HP: 19/33 MP: 2/2
   835 | D:2      | Reached XP level 4. HP: 35/40 MP: 3/3
   881 | D:2      | Noticed Terence
   887 | D:2      | Killed Terence
  1077 | D:2      | Noticed Jessica
  1090 | D:2      | Killed Jessica
  1090 | D:2      | Reached XP level 5. HP: 38/46 MP: 2/4
  1155 | D:2      | Found a deep blue altar of Sif Muna.
  1155 | D:2      | Found an iron altar of Okawaru.
  1396 | D:3      | Reached skill level 5 in Axes
  1654 | D:3      | Reached skill level 1 in Dodging
  1809 | D:3      | Noticed Ijyb
  1814 | D:3      | HP: 3/69 [disintegration (7)]
  1821 | D:3      | Killed Ijyb
  1821 | D:3      | Reached skill level 5 in Shields
  2156 | D:3      | Found a runed translucent door.
  2157 | D:3      | Noticed Crazy Yiuf
  2332 | D:3      | Mangled by Crazy Yiuf

Skill      XL: |  1  2  3  4  5 |
---------------+----------------+-----
Shields        | 4 5 |  5.0
Axes           | 3 4 5 |  5.4
Fighting       | 4 |  4.3
Armour         | 4 |  4.1
Dodging        | 1 |  1.2

Action                   |  1- 3 |  4- 6 || total
-------------------------+-------+-------++-------
Melee: War axe           |    60 |   121 ||   181
       Headbutt          |     4 |    15 ||    19
  Use: Potion            |       |     2 ||     2
  Eat: Chunk             |       |     4 ||     4
Armor: Scale mail        |    25 |    47 ||    72
       Skin              |       |     2 ||     2
Dodge: Dodged            |    25 |    32 ||    57
Block: Shield            |    37 |    79 ||   116
